 Dungeon Crawl Stone Soup version 0.30-a0-772-g5528072125 (webtiles) character file.

Game seed: 10725776665965108008

30 Gwenloh the Grasshopper (level 3, 0/31 HPs)
             Began as an Armataur Warper on Feb 12, 2023.
             Succumbed to Crazy Yiuf's poison
             ... on level 2 of the Dungeon.
             The game lasted 00:07:06 (1476 turns).

Gwenloh the Grasshopper (Armataur Warper)           Turns: 1476, Time: 00:07:07

Health: 0/31       AC:  8    Str: 16    XL:     3   Next: 5%
Magic:  6/6        EV:  8    Int: 13    God:
Gold:   62         SH:  0    Dex: 11    Spells: 4/6 levels left

rFire   . . .      SeeInvis .    a - +0 mace
rCold   . . .      Faith    .    (no shield)
rNeg    . . .      Spirit   .    j - +0 ring mail
rPois   .          Reflect  .    n - +0 helmet
rElec   .          Harm     .    (no cloak)
rCorr   .          Roll     +    g - +0 pair of gloves
Will    .....                    (no barding)
Stlth   +                        h - amulet of the acrobat
HPRegen 0.25/turn                (no ring)
MPRegen 0.10/turn                (no ring)

@: lethally poisoned (0 -> -14)
A: large, rugged brown scales 3, deformed body, armoured tail, roll, long
tongue, awkward tongue
a: no special abilities


You were on level 2 of the Dungeon.
You visited 1 branch of the dungeon, and saw 2 of its levels.

You collected 62 gold pieces.

Inventory:

Hand Weapons
 a - a +0 mace (weapon)
Missiles
 d - 7 boomerangs of dispersal (quivered)
 i - 6 javelins
Armour
 b - a +0 leather armour
 g - a +0 pair of gloves (worn)
 j - a +0 ring mail (worn)
 n - a +0 helmet (worn)
Jewellery
 h - an amulet of the acrobat (around neck)
Scrolls
 c - a scroll of blinking
 f - a scroll of identify
 l - a scroll of fear
Potions
 e - a potion of flight
 k - a potion of lignification
 m - a potion of magic
 o - a potion of cancellation


   Skills:
 + Level 2.0 Fighting
 + Level 2.0 Maces & Flails
 + Level 1.1 Throwing
 + Level 1.7 Armour
 + Level 1.6 Dodging
 + Level 2.0 Spellcasting
 + Level 3.2 Translocations


You had 4 spell levels left.
You knew the following spells:

 Your Spells              Type           Power      Damage    Failure   Level
a - Blink                 Tloc           18%        N/A       19%         2

Your spell library contained the following spells:

 Spells                   Type           Power      Damage    Failure   Level
 Lesser Beckoning         Tloc           18%        N/A       19%         2
 Teleport Other           Tloc           9%         N/A       36%         3
 Freeze                   Ice            4%         1d3       43%         1
 Summon Small Mammal      Summ           4%         N/A       43%         1
 Vhi's Electric Charge    Tloc/Air       10%        N/A       58%         3
 Manifold Assault         Tloc           9%         N/A       77%         4
 Call Canine Familiar     Summ           1%         N/A       80%         3
 Frozen Ramparts          Ice            2%         1d1       80%         3
 Hailstorm                Conj/Ice       1%         3d3       80%         3
 Summon Guardian Golem    Hex/Summ       1%         N/A       80%         3


Dungeon Overview and Level Annotations

Branches:
Dungeon (2/15)

Altars:

Annotations:
D:2 Crazy Yiuf


Innate Abilities, Weirdness & Mutations

You are completely covered in rugged brown scales. (AC +3, +7% HP)
Armour fits poorly on your strangely shaped body.
You have a long armoured tail.
You roll when moving toward enemies. (Rampage)
Your long tongue fully drains potion bottles. (2x potion effects)
Your tongue gives you trouble enunciating. (1.5x scroll delay)


Message History

Things that are here:
a +0 club; a +0 sling; a goblin corpse
Found a stone staircase leading down.
Found a stone.
There is a stone staircase leading down here.
You see here a +2 barding.
There is a shaft here.
You see here a +0 club.
o - a sedimented white potion You now have 62 gold pieces (gained 7).
You see here a +2 barding.
Found a hammer.
Found a runed translucent door.
Okay, then.
Okay, then.
Okay, then.
As you slowly read the scroll of identify, it crumbles to dust.
l - a scroll of fear As you slowly read the scroll of identify, it crumbles to dust.
k - a potion of lignification As you slowly read the scroll of identify, it crumbles to dust.
m - a potion of magic As you slowly read the scroll of identify, it crumbles to dust.
o - a potion of cancellation You open the door.
You barely miss Crazy Yiuf.
Your tail-slap misses Crazy Yiuf.
Crazy Yiuf barely misses you.
Crazy Yiuf hits you with a +4 quarterstaff of chaos!
You are poisoned.
You barely miss Crazy Yiuf.
You tail-slap Crazy Yiuf, but do no damage.
You feel very sick.
Crazy Yiuf hits you with a +4 quarterstaff of chaos!
* * * LOW HITPOINT WARNING * * *
Crazy Yiuf burns you.
* * * LOW HITPOINT WARNING * * *
Okay, then.
Blink to where?
Press: ? - help, Dir - move target As you slowly read the scroll of blinking, it crumbles to dust.
You die...

#.##### ######
......#########....##
#.###....[......#...#
#.###.##########....#
#..##.# ##..##
##.##.# #.PP.#
......# #...##
##.#### ##.## ...#
#@## #### ##.# #.##
##ยง# ######### #g#
######.......# ...
#.......####.# #...#
#.####..####.# #..)#
#.##.........# #####


You could see Crazy Yiuf.

Vanquished Creatures
  A dart slug (D:1)
  A bat (D:1)
  5 endoplasms (D:1)
  A giant cockroach (D:2)
  5 goblins
  5 hobgoblins
  A kobold (D:1)
  A quokka (D:1)
  A ball python (D:1)
  3 rats (D:1)
24 creatures vanquished.

Notes
Turn   | Place    | Note
-------+----------+-------------------------------------------
     0 | D:1      | Gwenloh the Armataur Warper began the quest for the Orb.
     0 | D:1      | Reached XP level 1. HP: 18/18 MP: 3/3
   134 | D:1      | Reached skill level 1 in Throwing
   196 | D:1      | Reached XP level 2. HP: 20/25 MP: 4/4
   202 | D:1      | Learned a level 2 spell: Blink
  1136 | D:2      | Reached XP level 3. HP: 31/31 MP: 6/6
  1465 | D:2      | Found a runed translucent door.
  1466 | D:2      | Noticed Crazy Yiuf
  1476 | D:2      | Succumbed to Crazy Yiuf's poison

Illustrated notes

Levels and vault maps discovered:
D:1:      dpeg_arrival_round_b, layout_loops_ring, hex_large,
          wad_floor_pattern_untrapped
D:2:      layout_loops_cross, uniq_crazy_yiuf_cottage

Skill      XL: |  1  2 |
---------------+-------+-----
Throwing       | 1 |  1.1
Fighting       | 2 |  2.0
Spellcasting   | 2 |  2.0
Maces & Flails | 2 |  2.0
Armour         | |  1.7
Dodging        | |  1.6
Translocations | |  3.2

Action                     || total
---------------------------++-------
  Melee: Mace              ||    68
         Tailslap          ||     7
    Use: Scroll            ||     7
 Armour: Leather armour    ||    16
         Ring mail         ||     3
  Dodge: Dodged            ||    37

Table legend: (Time is in decaauts)
 A = Elapsed time spent in this place.
 B = Non-inter-level travel time spent in this place.
 C = Inter-level travel time spent in this place.
 D = Time resting spent in this place.
 E = Time spent auto-exploring this place.
 F = Levels seen in this place.
 G = Mean time per level.
                   A        B        C        D        E       F      G
               +--------+--------+--------+--------+--------+-----+--------+
         Total |   1499 |   1499 |      0 |     54 |   1129 |   2 |  749.5 |
       Dungeon |   1499 |   1499 |      0 |     54 |   1129 |   2 |  749.5 |
               +--------+--------+--------+--------+--------+-----+--------+

Top non-repeatable levels by time:
     D:1: 841 daAuts
     D:2: 658 daAuts
